 Crawl Stoat Soup version 0.23-s1-123-g744d95e113 (console) character file.

878 hilarita the Gusty (level 8, -4/57 HPs)
             Began as a Gnoll Air Elementalist on Apr 30, 2021.
             Was an Initiate of Sif Muna.
             Slain by Duvessa
             ... wielding a +1 short sword of freezing
              (7 damage)
             ... on level 5 of the Dungeon.
             The game lasted 00:20:04 (5777 turns).

hilarita the Gusty (Gnoll Air Elementalist)         Turns: 5777, Time: 00:20:05

Health: -4/57      AC:  2    Str: 10    XL:     8   Next: 4%
Magic:  12/25      EV: 15    Int: 21    God:    Sif Muna [......]
Gold:   126        SH:  0    Dex: 15    Spells: 7/18 levels left

rFire    . . .     SeeInvis .   q - +0 falchion
rCold    . . .     Gourm    .   (no shield)
rNeg     . . .     Faith    .   a - +0 robe
rPois    .         Spirit   .   (no helmet)
rElec    .         Warding  .   (no cloak)
rCorr    .         Reflect  .   (no gloves)
MR       .....     Harm     .   (no boots)
Stlth    ++++......             p - amulet of the acrobat
HPRegen  0.19/turn              s - ring of magical power
MPRegen  0.19/turn              x - ring of stealth

@: no status effects
A: distributed training, fangs 1, strong nose
a: Renounce Religion


You were on level 5 of the Dungeon.
You worshipped Sif Muna.
Sif Muna was noncommittal.
You were not hungry.

You visited 2 branches of the dungeon, and saw 6 of its levels.

You collected 126 gold pieces.

Inventory:

Hand Weapons
 e - a +1 dagger
 q - a +0 falchion (weapon)
 w - a +1 whip of electrocution
Missiles
 f - 48 poisoned darts (quivered)
Armour
 a - a +0 robe (worn)
Jewellery
 n - an uncursed ring of fire
 p - an amulet of the acrobat (around neck)
 s - a ring of magical power (left hand)
 x - a ring of stealth (right hand)
Wands
 y - a wand of paralysis (10 charges)
Scrolls
 m - 4 scrolls of amnesia
Potions
 b - 2 potions of invisibility {unknown}
 d - a potion of ambrosia
 g - 5 potions of curing
 h - 3 potions of agility {unknown}
 i - a potion of brilliance {unknown}
 k - a potion of degeneration {unknown}
 l - a potion of mutation {unknown}
 o - a potion of berserk rage {unknown}
 t - a potion of lignification {unknown}
 u - a potion of heal wounds {unknown}
Comestibles
 c - 7 bread rations
 j - 7 fruits
 r - a meat ration


   Skills:
 + Level 2.8 Fighting
 + Level 2.8 Short Blades
 + Level 2.8 Long Blades
 + Level 2.8 Axes
 + Level 2.8 Maces & Flails
 + Level 2.8 Polearms
 + Level 2.8 Staves
 + Level 2.8 Slings
 + Level 2.8 Bows
 + Level 2.8 Crossbows
 + Level 2.8 Throwing
 + Level 2.8 Armour
 + Level 5.4 Dodging
 + Level 5.1 Stealth
 + Level 2.8 Shields
 + Level 2.8 Unarmed Combat
 + Level 5.8 Spellcasting
 + Level 3.2 Conjurations
 + Level 2.3 Hexes
 + Level 2.3 Charms
 + Level 2.3 Summonings
 + Level 2.3 Necromancy
 + Level 2.3 Translocations
 + Level 2.3 Transmutations
 + Level 2.3 Fire Magic
 + Level 2.3 Ice Magic
 + Level 6.0 Air Magic
 + Level 2.3 Earth Magic
 + Level 2.3 Poison Magic
 + Level 3.1 Invocations
 + Level 2.8 Evocations


You had 7 spell levels left.
You knew the following spells:

 Your Spells              Type           Power        Failure   Level  Hunger
a - Shock                 Conj/Air       25/25        1%          1    None
b - Swiftness             Chrm/Air       23/100       2%          2    None
c - Static Discharge      Conj/Air       25/100       4%          3    ##.....
d - Airstrike             Air            31/200       9%          4    ####...
e - Summon Small Mammal   Summ           15/25        3%          1    None

Your spell library contained the following spells:

 Spells                   Type           Power        Failure   Level  Hunger
 Animate Skeleton         Necr           N/A          3%          1    None
 Apportation              Tloc           15/50        3%          1    None
 Confusing Touch          Hex            15/50        3%          1    None
 Lightning Bolt           Conj/Air       25/200       38%         5    #####..


Dungeon Overview and Level Annotations

Branches:
Dungeon (5/15)             Temple (1/1) D:5

Altars:
Ashenzari
Dithmenos
Elyvilon
Fedhas
Gozag
Hepliaklqana
Kikubaaqudgha
Sif Muna
Trog
Vehumet
Yredelemnul
Zin
The Shining One

Annotations:
D:4 1 runed door
D:5 Duvessa


Innate Abilities, Weirdness & Mutations

Your experience applies equally to all skills.
You have very sharp teeth.
Your uncanny sense of smell can sniff out nearby items.


Message History

Okay, then.
Duvessa closely misses you.
Casting: Shock (safe; 1% risk of failure)
Confirm with . or Enter, or press ? or * to list all spells.
Aiming: Shock (safe; 1% risk of failure)
Press: ? - help, Shift-Dir - straight line, f/p - Duvessa
Aim: Duvessa, wielding a short sword of freezing and wearing a glowing leather armour (severely wounded, berserk, fast, unusually strong) That beam is likely to hit you.
Continue anyway?
Okay, then.
Casting: Shock (safe; 1% risk of failure)
Confirm with . or Enter, or press ? or * to list all spells.
Aiming: Shock (safe; 1% risk of failure)
Press: ? - help, Shift-Dir - straight line, f/p - Duvessa
Aim: Duvessa, wielding a short sword of freezing and wearing a glowing leather armour (severely wounded, berserk, fast, unusually strong)
The zap hits Duvessa.
Duvessa is almost dead.
The zap hits Duvessa.
Duvessa is almost dead.
Duvessa hits you with a short sword of freezing!
You die...

##.........###
##..#####)#
#..# #.# #.#.#
#.. .# ∆ .. ##
#### #.# ###
## #.# ∆ . #.#
# #. #.# .#
..###.####.#
.#
........##.#
.##
#@e..#...#.#
#.#........#
#.#.#......#
#<#.#.#.#..#
#.#.... .$..
#.#.#.#. ...
....#.... ..
..#.### ## .
##.#.# #.# ..#


You could see Duvessa (berserk).

Vanquished Creatures
  Menkaure (D:4)
  A water moccasin (D:5)
  A bullfrog (D:4)
  A scorpion (D:4)
  Dowan (D:5)
  3 hounds
  An orc priest (D:3)
  An orc wizard (D:4)
  Jessica (D:3)
  Ijyb (D:4)
  An iguana (D:4)
  A worker ant (D:4)
  A hound zombie (D:5)
  A hound skeleton (D:4)
  A worker ant zombie (D:3)
  4 gnolls (D:4)
  A howler monkey skeleton (D:4)
  4 adders
  A shadow imp (D:3)
  3 oozes
  3 dart slugs
  2 leopard geckos
  22 orcs
  2 ball pythons (D:1)
  2 giant cockroaches (D:3)
  6 goblins
  4 hobgoblins
  11 jackals
  A weasel (D:2)
  11 bats
  5 frilled lizards
  A jackal skeleton (D:4)
  8 kobolds
  7 rats
115 creatures vanquished.

Notes
Turn   | Place    | Note
-------+----------+-------------------------------------------
     0 | D:1      | hilarita the Gnoll Air Elementalist began the quest for the
                  | Orb.
     0 | D:1      | Reached XP level 1. HP: 13/13 MP: 6/6
   149 | D:1      | Reached XP level 2. HP: 19/19 MP: 2/7
   153 | D:1      | Learned a level 2 spell: Swiftness
   663 | D:1      | Reached XP level 3. HP: 25/25 MP: 5/9
   841 | D:1      | Reached skill level 5 in Spellcasting
  1126 | D:2      | Reached skill level 1 in Invocations
  1318 | D:2      | Learned a level 3 spell: Static Discharge
  1409 | D:2      | Reached skill level 1 in Fighting
  1409 | D:2      | Reached skill level 1 in Short Blades
  1409 | D:2      | Reached skill level 1 in Long Blades
  1409 | D:2      | Reached skill level 1 in Axes
  1409 | D:2      | Reached skill level 1 in Maces & Flails
  1409 | D:2      | Reached skill level 1 in Polearms
  1409 | D:2      | Reached skill level 1 in Staves
  1409 | D:2      | Reached skill level 1 in Slings
  1409 | D:2      | Reached skill level 1 in Bows
  1409 | D:2      | Reached skill level 1 in Crossbows
  1409 | D:2      | Reached skill level 1 in Throwing
  1409 | D:2      | Reached skill level 1 in Armour
  1409 | D:2      | Reached skill level 1 in Shields
  1409 | D:2      | Reached skill level 1 in Unarmed Combat
  1409 | D:2      | Reached skill level 1 in Evocations
  1483 | D:2      | Reached XP level 4. HP: 32/32 MP: 9/11
  1520 | D:2      | Learned a level 4 spell: Airstrike
  2280 | D:3      | Reached skill level 1 in Hexes
  2280 | D:3      | Reached skill level 1 in Charms
  2280 | D:3      | Reached skill level 1 in Summonings
  2280 | D:3      | Reached skill level 1 in Necromancy
  2280 | D:3      | Reached skill level 1 in Translocations
  2280 | D:3      | Reached skill level 1 in Transmutations
  2280 | D:3      | Reached skill level 1 in Fire Magic
  2280 | D:3      | Reached skill level 1 in Ice Magic
  2280 | D:3      | Reached skill level 1 in Earth Magic
  2280 | D:3      | Reached skill level 1 in Poison Magic
  2720 | D:3      | Reached XP level 5. HP: 37/37 MP: 10/12
  2792 | D:3      | HP: 3/37 [orc/short sword (1)]
  2842 | D:3      | Noticed ceb's ghost (amateur GrFE)
  2843 | D:3      | Witnessed revenge of ceb's ghost on an orc priest.
  3155 | D:3      | Noticed Jessica
  3159 | D:3      | Killed Jessica
  3539 | D:4      | Reached XP level 6. HP: 34/44 MP: 1/13
  3542 | D:4      | Learned a level 1 spell: Summon Small Mammal
  3873 | D:4      | Reached skill level 5 in Dodging
  3934 | D:4      | Found a runed door.
  3934 | D:4      | Noticed a human
  3937 | D:4      | Found a basalt altar of Yredelemnul.
  4162 | D:4      | Reached XP level 7. HP: 50/50 MP: 15/15
  4547 | D:4      | Found a glowing silver altar of Zin.
  4560 | D:5      | Entered Level 5 of the Dungeon
  4568 | D:5      | Found a staircase to the Ecumenical Temple.
  4582 | Temple   | Entered the Ecumenical Temple
  4693 | Temple   | Became a worshipper of Sif Muna the Loreminder
  4760 | D:5      | Found a shadowy altar of Dithmenos.
  4766 | D:5      | Noticed Dowan
  4770 | D:5      | Killed Dowan
  5229 | D:4      | Noticed Ijyb
  5236 | D:4      | Paralysed by Ijyb for 6 turns
  5239 | D:4      | Noticed damerell's ghost (amateur MfEE)
  5243 | D:4      | Killed Ijyb
  5243 | D:4      | Witnessed revenge of damerell's ghost on Ijyb.
  5243 | D:4      | Reached skill level 5 in Stealth
  5313 | D:4      | Noticed Menkaure
  5321 | D:4      | Killed Menkaure
  5614 | D:4      | Reached XP level 8. HP: 54/57 MP: 15/16
  5712 | D:5      | Reached skill level 6 in Air Magic
  5767 | D:5      | Noticed Duvessa
  5773 | D:5      | HP: 5/57 [Duvessa/short sword of freezing (10)]
  5773 | D:5      | HP: 2/57 [Duvessa/short sword of freezing (3)]
  5777 | D:5      | Slain by Duvessa

Vault maps used:
D:1:      dpeg_arrival_boxes_within_box
D:2:      first_bread
D:3:      uniq_jessica
D:4:      nicolae_overflow_hidden_temple, minmay_misc_feat_x,
          dk_yredelemnul_ordeal, uniq_menkaure, uniq_ijyb
D:5:      nicolae_overflow_crystal_walls, minmay_temple_entry_trees,
          nicolae_dithmenos_through_a_glass_darkly, uniq_prince_ribbit1,
          uniq_duvessa, uniq_sigmund
Temple:   nicolae_temple_hex_pool

Skill      XL: |  1  2  3  4  5  6  7  8 |
---------------+-------------------------+-----
Conjurations   | 2 3 |  3.2
Spellcasting   | 5 |  5.8
Invocations    | 1 2 3 |  3.1
Fighting       | 1 2 |  2.8
Short Blades   | 1 2 |  2.8
Long Blades    | 1 2 |  2.8
Axes           | 1 2 |  2.8
Maces & Flails | 1 2 |  2.8
Polearms       | 1 2 |  2.8
Staves         | 1 2 |  2.8
Slings         | 1 2 |  2.8
Bows           | 1 2 |  2.8
Crossbows      | 1 2 |  2.8
Throwing       | 1 2 |  2.8
Armour         | 1 2 |  2.8
Shields        | 1 2 |  2.8
Unarmed Combat | 1 2 |  2.8
Evocations     | 1 2 |  2.8
Hexes          | 1 2 |  2.3
Charms         | 1 2 |  2.3
Summonings     | 1 2 |  2.3
Necromancy     | 1 2 |  2.3
Translocations | 1 2 |  2.3
Transmutations | 1 2 |  2.3
Fire Magic     | 1 2 |  2.3
Ice Magic      | 1 2 |  2.3
Earth Magic    | 1 2 |  2.3
Poison Magic   | 1 2 |  2.3
Dodging        | 5 |  5.4
Stealth        | 5 |  5.1
Air Magic      | 6 |  6.0

Action                   |  1- 3 |  4- 6 |  7- 9 || total
-------------------------+-------+-------+-------++-------
Melee: Dagger            |       |    15 |       ||    15
       Bite              |       |     4 |       ||     4
 Cast: Shock             |    63 |   130 |    75 ||   268
       Static Discharge  |     1 |     7 |     9 ||    17
  Use: Scroll            |     5 |     4 |     1 ||    10
  Eat: Chunk             |     2 |     8 |     4 ||    14
       Fruit             |       |       |     1 ||     1
Armor: Robe              |     4 |       |     6 ||    10
Dodge: Dodged            |    24 |    36 |    22 ||    82
       Rpst.: Falchion   |       |     2 |    10 ||    12

Table legend:
 A = Spawn XP
 B = Non-spawn XP
 C = Spawn XP percentage of total XP
 D = Spawn monster count
 E = Non-spawn monster count
 F = Spawn count percentage of total count
 G = Total turns spent on level
                    A         B        C        D         E        F      G
               +---------+---------+-------+---------+---------+-------+---------
         Total |     161 |    1094 |  12.8 |      27 |      88 |  23.5 |  5777
               +---------+---------+-------+---------+---------+-------+---------
           D:1 |       3 |      37 |   7.5 |       2 |      17 |  10.5 |  1029
           D:2 |       2 |      65 |   3.0 |       1 |      21 |   4.5 |   980
           D:3 |      61 |     119 |  33.9 |      10 |      27 |  27.0 |  1521
           D:4 |      95 |     588 |  13.9 |      14 |      16 |  46.7 |  1900
           D:5 |       0 |     285 |   0.0 |       0 |       7 |   0.0 |   214
               +---------+---------+-------+---------+---------+-------+---------
